[Event "Titled Tuesday Blitz June 07 Early 2022"]
[White "Daneshvar, Bardiya"]
[Black "Andreikin, Dmitry"]
[WhiteFideId "12576468"]
[BlackFideId "4158814"]
[WhiteElo "2303"]
[BlackElo "2736"]
[Result "1-0"]
[Round "06"]
[TimeControl "180+1"]
[Date "2022.06.07"]
[WhiteClock "0:00:07"]
[BlackClock "0:00:01"]

1. d4 Nf6 2. c4 e6 3. Nf3 d5 4. Nc3 Be7 5. Bg5 h6 6. Bh4 Nbd7 7. e3 O-O 8. cxd5 exd5 9. Bd3 c6 10. O-O Re8 11. Qc2 Ne4 12. Bxe4 Bxh4 13. Bh7+ Kh8 14. Nxh4 Qxh4 15. Bd3 Nf6 16. Rae1 Ng4 17. h3 Nf6 18. f3 Nh5 19. Qf2 Ng3 20. e4 Bd7 21. exd5 cxd5 22. Rxe8+ Rxe8 23. Rd1 Bc6 24. Kh2 Nf5 25. Qxh4 Nxh4 26. Kg3 g5 27. Kf2 Kg7 28. Ne2 Bd7 29. g3 Ng6 30. Rc1 Bxh3 31. g4 h5 32. gxh5 Nh4 33. Rc7 g4 34. f4 Nf3 35. Ng3 Nxd4 36. Rxb7 a5 37. h6+ Kg8 38. h7+ Kg7 39. Nh5+ Kh6 40. Nf6 g3+ 41. Kxg3 Re3+ 42. Kf2 Rf3+ 43. Ke1 Kg7 44. Rb8 Bc8 45. Rxc8 Re3+ 46. Kd2 Rh3 47. Rg8+ Kxf6 48. h8=Q+ Rxh8 49. Rxh8 Nf3+ 50. Ke3 Ne1 51. Rh6+ Kg7 52. Rh2 d4+ 53. Ke4 f5+ 54. Kxf5 Nxd3 55. Rd2 Nb4 56. a3 Nc6 57. Ke6 a4 58. f5 Kf8 59. Kd6 Na5 60. Rxd4 1-0


[Site "https://www.chess.com"]

[Event "Titled Tuesday Blitz June 07 Early 2022"]
[White "Dubov, Daniil"]
[Black "Le, Tuan Minh"]
[WhiteFideId "24126055"]
[BlackFideId "12401153"]
[WhiteElo "2791"]
[BlackElo "2530"]
[Result "1/2-1/2"]
[Round "06"]
[TimeControl "180+1"]
[Date "2022.06.07"]
[WhiteClock "0:00:05"]
[BlackClock "0:00:10"]

1. c4 c6 2. Nf3 d5 3. g3 Nf6 4. Bg2 g6 5. b3 Bg7 6. Bb2 O-O 7. O-O Bg4 8. d3 Nbd7 9. Nbd2 a5 10. h3 Bxf3 11. Nxf3 a4 12. Qc2 Qb6 13. Bc3 axb3 14. axb3 Rfe8 15. Qb2 Nh5 16. d4 Nhf6 17. Nd2 Qc7 18. Rfc1 Qd6 19. e3 h5 20. b4 Qe6 21. b5 Bh6 22. Rxa8 Rxa8 23. Re1 Ne4 24. Nxe4 dxe4 25. bxc6 bxc6 26. Rd1 Qxc4 27. Bxe4 Nf6 28. Bf3 Ra2 29. Qb4 Qe6 30. d5 cxd5 31. Qb8+ Bf8 32. Qb3 Ra8 33. Bxf6 Qxf6 34. Bxd5 Rc8 35. Kg2 e6 36. Bf3 h4 37. g4 Qe5 38. Qb7 Rc7 39. Qe4 Qf6 40. Qf4 Qxf4 41. exf4 Rc2 42. Be4 Rc4 43. Kf3 Bc5 44. f5 gxf5 45. gxf5 Kg7 46. fxe6 fxe6 47. Rg1+ Kf7 48. Rg4 Rc3+ 49. Kg2 Be7 50. Rf4+ Bf6 51. Rf3 Rc5 52. Rd3 Ke7 53. Kf3 Rg5 54. Rb3 Rc5 55. Rb7+ Kd6 56. Rb6+ Ke7 57. Rb7+ Kf8 58. Rb6 Re5 59. Kf4 Kg7 60. Bf3 Ra5 61. Rxe6 Ra4+ 62. Be4 Ra5 63. Rc6 Kf8 64. f3 Kg7 65. Kg4 Kf7 66. f4 Ra4 67. Bd5+ Kg7 68. Kf5 Bb2 69. Rg6+ Kf8 70. Rg4 Ra5 71. Ke6 Ra6+ 72. Kd7 Ra7+ 73. Kd6 Ra6+ 74. Kd7 Ra7+ 75. Kc6 Ra6+ 76. Kb5 Rh6 77. Kc5 Ke7 78. Kc4 Ba3 79. Kd3 Bd6 80. Ke4 Kf6 81. Rg8 Rh7 82. Re8 Re7+ 83. Rxe7 Bxe7 84. Kf3 Kg7 85. Be4 Bd8 86. Kg4 Bf6 87. Bf3 1/2-1/2


[Site "https://www.chess.com"]

[Event "Titled Tuesday Blitz June 07 Early 2022"]
[White "Durarbayli, Vasif"]
[Black "Abarca Gonzalez, Nicolas"]
[WhiteFideId "13402935"]
[BlackFideId "3409422"]
[WhiteElo "2528"]
[BlackElo "2504"]
[Result "1-0"]
[Round "06"]
[TimeControl "180+1"]
[Date "2022.06.07"]
[WhiteClock "0:01:08"]
[BlackClock "0:01:27"]

1. e4 c5 2. Nf3 d6 3. Bb5+ Bd7 4. a4 Nc6 5. O-O g6 6. c3 a6 7. Bc4 Bg7 8. d4 cxd4 9. cxd4 Nf6 10. Nc3 O-O 11. h3 e6 12. Be3 Nxe4 13. Nxe4 d5 14. Bg5 Qc7 15. Nf6+ Bxf6 16. Bxf6 dxc4 17. Qd2 1-0


[Site "https://www.chess.com"]

[Event "Titled Tuesday Blitz June 07 Early 2022"]
[White "Gong, Patrick"]
[Black "Molina, Roberto Junio Brito"]
[WhiteFideId "3222500"]
[BlackFideId "2109450"]
[WhiteElo "2103"]
[BlackElo "2432"]
[Result "1-0"]
[Round "06"]
[TimeControl "180+1"]
[Date "2022.06.07"]
[WhiteClock "0:00:20"]
[BlackClock "0:00:10"]

1. g3 d5 2. Bg2 c6 3. d3 Bg4 4. h3 Bh5 5. Nd2 Nd7 6. c4 e6 7. Ngf3 Bc5 8. d4 Be7 9. e4 dxe4 10. Nxe4 Ngf6 11. Nc3 O-O 12. O-O Bd6 13. Re1 Re8 14. g4 Bg6 15. Ne5 Qc7 16. Qe2 a6 17. Bg5 c5 18. Nxd7 Nxd7 19. d5 e5 20. h4 f6 21. Bd2 Nf8 22. h5 Bf7 23. Be4 Re7 24. Qd3 Be8 25. b3 Bd7 26. Bf5 Rae8 27. Ne4 Rf7 28. Qh3 g6 29. Bxd7 Qxd7 30. Kg2 f5 31. hxg6 hxg6 32. Rh1 Nh7 33. Qxh7+ Rxh7 34. Nf6+ Kh8 35. Nxd7 Rxh1 36. Rxh1+ Kg7 37. g5 e4 38. Bc3+ 1-0


[Site "https://www.chess.com"]

[Event "Titled Tuesday Blitz June 07 Early 2022"]
[White "Gormally, Daniel W"]
[Black "Shubin, Kirill"]
[WhiteFideId "406465"]
[BlackFideId "34119962"]
[WhiteElo "2543"]
[BlackElo "2474"]
[Result "0-1"]
[Round "06"]
[TimeControl "180+1"]
[Date "2022.06.07"]
[WhiteClock "0:00:06"]
[BlackClock "0:00:23"]

1. d4 e6 2. Nf3 Nf6 3. Bg5 c5 4. c3 h6 5. Bxf6 Qxf6 6. Nbd2 b6 7. e3 Bb7 8. Bd3 g6 9. O-O Bg7 10. Be4 d5 11. Bc2 O-O 12. Ne5 Qe7 13. f4 Nd7 14. Qf3 Nf6 15. Qg3 b5 16. Bxg6 fxg6 17. Nxg6 Qf7 18. Nxf8 Rxf8 19. f5 b4 20. Qd6 bxc3 21. bxc3 exf5 22. Rxf5 cxd4 23. exd4 Re8 24. Raf1 Re6 25. Qb8+ Kh7 26. Nf3 Ba6 27. Ne5 Qb7 28. Qxb7 Bxb7 29. Rb1 Rb6 30. Rxb6 axb6 31. h3 Bc8 32. Rf3 Ne4 33. a4 Kg8 34. Kh2 Bxe5+ 35. dxe5 Bd7 36. g4 Kg7 37. Kg1 Bxa4 38. e6 Nf6 39. e7 Kf7 40. Re3 Bd7 41. Re5 Be6 42. g5 hxg5 43. Rxg5 Bxh3 44. Re5 Be6 45. Kf1 Kxe7 46. Ke2 Kd6 47. Rg5 Ne4 0-1


[Site "https://www.chess.com"]

[Event "Titled Tuesday Blitz June 07 Early 2022"]
[White "Grischuk, Alexander"]
[Black "Babazada, Khazar"]
[WhiteFideId "4126025"]
[BlackFideId "13413554"]
[WhiteElo "2762"]
[BlackElo "2406"]
[Result "1-0"]
[Round "06"]
[TimeControl "180+1"]
[Date "2022.06.07"]
[WhiteClock "0:00:26"]
[BlackClock "0:00:22"]

1. d4 d5 2. Nf3 Nf6 3. Bf4 Bf5 4. c4 c6 5. Qb3 Qb6 6. c5 Qxb3 7. axb3 Na6 8. Nc3 Nb4 9. Ra4 a5 10. Bc7 Ne4 11. e3 Nxc3 12. bxc3 Nd3+ 13. Bxd3 Bxd3 14. Kd2 Bb5 15. Rxa5 Rxa5 16. Bxa5 f6 17. Rc1 e6 18. c4 Ba6 19. Ne1 Kd7 20. Nd3 Be7 21. Nb4 Ra8 22. Bb6 Bd8 23. Ra1 Be7 24. Kc3 h5 25. f3 g5 26. e4 dxe4 27. fxe4 f5 28. e5 f4 29. h3 g4 30. hxg4 hxg4 31. Rh1 Rf8 32. Rf1 Bg5 33. Nd3 f3 34. gxf3 gxf3 35. Nf2 Rh8 36. Ne4 1-0


[Site "https://www.chess.com"]

[Event "Titled Tuesday Blitz June 07 Early 2022"]
[White "Gunina, Valentina"]
[Black "Sjugirov, Sanan"]
[WhiteFideId "4167570"]
[BlackFideId "4189302"]
[WhiteElo "2386"]
[BlackElo "2602"]
[Result "0-1"]
[Round "06"]
[TimeControl "180+1"]
[Date "2022.06.07"]
[WhiteClock "0:00:20"]
[BlackClock "0:00:32"]

1. d4 g6 2. c4 Bg7 3. e4 d6 4. Nc3 c5 5. Be3 cxd4 6. Bxd4 Nf6 7. f3 Nc6 8. Be3 Be6 9. Rc1 O-O 10. b3 Qa5 11. Qd2 Ne5 12. Nge2 Bxc4 13. bxc4 Nxc4 14. Qd3 Nxe3 15. Qxe3 Rac8 16. Kf2 b5 17. Nd4 b4 18. Nb3 Qa3 19. Nb5 Qxa2+ 20. Be2 Rxc1 21. Rxc1 a5 22. Ra1 Ng4+ 23. fxg4 Bxa1 24. Nc7 e6 25. Nd4 Bxd4 26. Qxd4 b3 27. Qc4 Qc2 0-1


[Site "https://www.chess.com"]

[Event "Titled Tuesday Blitz June 07 Early 2022"]
[White "Dronavalli, Harika"]
[Black "Lazavik, Denis"]
[WhiteFideId "5015197"]
[BlackFideId "13515110"]
[WhiteElo "2382"]
[BlackElo "2437"]
[Result "0-1"]
[Round "06"]
[TimeControl "180+1"]
[Date "2022.06.07"]
[WhiteClock "0:00:04"]
[BlackClock "0:00:24"]

1. e4 c5 2. c3 Nf6 3. e5 Nd5 4. Nf3 Nc6 5. d4 cxd4 6. cxd4 d6 7. Bc4 Nb6 8. Bb3 dxe5 9. dxe5 Qxd1+ 10. Bxd1 Bg4 11. Nc3 O-O-O 12. O-O e6 13. Bf4 Be7 14. h3 Bh5 15. Rc1 Kb8 16. Nb5 Nb4 17. Bg5 Bxg5 18. Nxg5 Bg6 19. Bf3 h6 20. Ne4 Nd3 21. Rc2 Nxe5 22. Rfc1 Nd3 23. Rf1 Nb4 24. Rc7 N4d5 25. Rcc1 a6 26. Nbc3 Nxc3 27. Rxc3 Nd5 28. Rb3 Bxe4 29. Bxe4 Rd7 30. Rd1 Rhd8 31. g3 Ka7 32. Kh2 Nf6 33. Rxd7 Rxd7 34. Bf3 Rc7 35. Kg2 Nd7 36. a3 Ne5 37. h4 b5 38. Rb4 Kb6 39. a4 Ka5 40. Rf4 bxa4 41. Bd1 Rc4 42. Kf1 Rxf4 0-1


[Site "https://www.chess.com"]

[Event "Titled Tuesday Blitz June 07 Early 2022"]
[White "Harvey, Marcus R"]
[Black "Matlakov, Maxim"]
[WhiteFideId "400092"]
[BlackFideId "4168003"]
[WhiteElo "2485"]
[BlackElo "2669"]
[Result "0-1"]
[Round "06"]
[TimeControl "180+1"]
[Date "2022.06.07"]
[WhiteClock "0:01:16"]
[BlackClock "0:01:09"]

1. e4 e5 2. Nf3 Nc6 3. Bb5 a6 4. Ba4 Nf6 5. O-O Be7 6. Re1 b5 7. Bb3 d6 8. c3 O-O 9. h3 a5 10. d4 Bd7 11. d5 a4 12. dxc6 axb3 13. cxd7 Rxa2 14. Qxb3 Rxa1 15. Na3 Qxd7 16. Qc2 Ra8 17. Nd2 Qc6 18. Nb3 Ra2 19. Qd3 h6 20. Kh2 R8xa3 21. bxa3 Rxf2 22. Nd2 Nh5 23. Qe3 Bh4 24. Rd1 Nf4 25. Nf3 Rxg2+ 26. Kh1 Bf2 27. Qd2 Qxe4 0-1


[Site "https://www.chess.com"]

[Event "Titled Tuesday Blitz June 07 Early 2022"]
[White "Hua, Lefong"]
[Black "Sadhwani, Raunak"]
[WhiteFideId "2602253"]
[BlackFideId "35093487"]
[WhiteElo "2631"]
[BlackElo "2616"]
[Result "0-1"]
[Round "06"]
[TimeControl "180+1"]
[Date "2022.06.07"]
[WhiteClock "0:01:25"]
[BlackClock "0:01:55"]

1. d4 d6 2. e4 g6 3. c4 Bg7 4. f4 c5 5. d5 e6 6. Nf3 exd5 7. cxd5 Nf6 8. Nc3 O-O 9. Be2 Re8 10. Nd2 Ng4 11. Bxg4 Qh4+ 12. g3 Qxg4 13. Qxg4 Bxg4 14. Nb5 Na6 15. Nxd6 Re7 16. h3 Bf5 17. Kf2 Rd8 18. e5 Rxd6 19. exd6 Bd4+ 20. Kg2 Re2+ 21. Kf1 Bd3 22. d7 Rh2+ 23. Ke1 Rxh1+ 24. Nf1 Bf6 0-1


[Site "https://www.chess.com"]

[Event "Titled Tuesday Blitz June 07 Early 2022"]
[White "Ivic, Velimir"]
[Black "De Silva, L M S T"]
[WhiteFideId "950122"]
[BlackFideId "9953698"]
[WhiteElo "2610"]
[BlackElo "1631"]
[Result "1-0"]
[Round "06"]
[TimeControl "180+1"]
[Date "2022.06.07"]
[WhiteClock "0:00:07"]
[BlackClock "0:00:05"]

1. Nf3 Nf6 2. g3 b6 3. Bg2 Bb7 4. O-O e6 5. d3 d5 6. Nbd2 Be7 7. e4 dxe4 8. Ng5 O-O 9. Ngxe4 Nc6 10. Nxf6+ Bxf6 11. Ne4 Na5 12. Re1 c5 13. Qg4 Kh8 14. Qh5 g6 15. Qh3 Bg7 16. Bh6 Bxe4 17. Rxe4 Rc8 18. Rh4 Qf6 19. Re1 Bxh6 20. Rxh6 Qg7 21. Rh4 Nc6 22. c3 Rfd8 23. g4 Ne5 24. Re3 Kg8 25. g5 Nc6 26. Qg4 Ne7 27. Be4 Nf5 28. Bxf5 exf5 29. Qf4 Re8 30. Reh3 Re7 31. Rh6 Rce8 32. Qh4 f6 33. gxf6 Re1+ 34. Kg2 Qb7+ 35. Rf3 Qf7 36. Qg5 Qb7 37. h4 Kh8 38. h5 Rg1+ 39. Kxg1 Qxf3 40. Rxh7+ Kxh7 41. Qxg6+ Kh8 42. Qg7# 1-0


[Site "https://www.chess.com"]

[Event "Titled Tuesday Blitz June 07 Early 2022"]
[White "Kamsky, Gata"]
[Black "Lagno, Kateryna"]
[WhiteFideId "2000024"]
[BlackFideId "14109336"]
[WhiteElo "2645"]
[BlackElo "2522"]
[Result "1-0"]
[Round "06"]
[TimeControl "180+1"]
[Date "2022.06.07"]
[WhiteClock "0:00:23"]
[BlackClock "0:00:01"]

1. d4 Nf6 2. Nf3 g6 3. Bg5 Bg7 4. c3 O-O 5. Nbd2 d5 6. e3 c5 7. Be2 b6 8. O-O Ba6 9. Bxa6 Nxa6 10. a4 Qc7 11. Qe2 Qb7 12. Rfd1 Rac8 13. Ne5 Rfd8 14. Qf3 Nc7 15. b4 cxb4 16. cxb4 Ne6 17. Bh4 Rc2 18. b5 Rdc8 19. Nc6 R8xc6 20. bxc6 Qxc6 21. Bxf6 Bxf6 22. Qe2 Qc3 23. Qe1 h5 24. Rac1 Kg7 25. Rxc2 Qxc2 26. Ra1 Ng5 27. h4 Ne4 28. Nxe4 Qxe4 29. g3 e6 30. Qb1 Qf3 31. Qd1 Qe4 32. Rc1 e5 33. dxe5 Bxe5 34. Qc2 Qf3 35. Rd1 a6 36. Rd2 b5 37. axb5 axb5 38. Qd1 Qe4 39. Rxd5 b4 40. Qd3 Qxd3 41. Rxd3 Bc3 42. Kf1 Kf6 43. e4 Ke5 44. f3 f5 45. exf5 Kxf5 46. Rd5+ Ke6 47. Rb5 Be5 48. Kf2 Bd6 49. g4 hxg4 50. fxg4 Kf7 51. Kf3 Be7 52. g5 Bd6 53. Rb6 Bc5 54. Rb5 Bd6 55. Kg4 Be7 56. h5 gxh5+ 57. Kxh5 Bd6 58. Rb7+ Ke6 59. g6 Be5 60. Rxb4 1-0


[Site "https://www.chess.com"]

[Event "Titled Tuesday Blitz June 07 Early 2022"]
[White "Koelle, Tobias"]
[Black "Rodrigue-Lemieux, Shawn"]
[WhiteFideId "16207378"]
[BlackFideId "2620049"]
[WhiteElo "2541"]
[BlackElo "1763"]
[Result "0-1"]
[Round "06"]
[TimeControl "180+1"]
[Date "2022.06.07"]
[WhiteClock "0:00:12"]
[BlackClock "0:00:34"]

1. d4 Nf6 2. c4 e6 3. g3 d5 4. Bg2 Be7 5. Nf3 O-O 6. O-O dxc4 7. Ne5 Nc6 8. Nxc6 bxc6 9. Na3 Bxa3 10. bxa3 Ba6 11. Qd2 Rb8 12. Qa5 Rb6 13. a4 Qxd4 14. Be3 Qb2 15. Bxb6 Qxb6 16. Qc3 Nd5 17. Qe5 Qb4 18. Qd4 c5 19. Qe5 c6 20. Rab1 Qxa4 21. Rb8 g6 22. Rxf8+ Kxf8 23. Qb8+ Kg7 24. Qxa7 Qxa2 25. Qxc5 Qxe2 26. Qxc6 c3 27. Ra1 c2 28. Bf1 Qd1 29. Qxa6 c1=Q 30. Rxc1 Qxc1 31. Qd3 h5 32. h4 Qa1 33. Kg2 Qb2 34. Qe2 Qd4 35. Qf3 Qe5 36. Bd3 Nf6 37. Be2 Qb2 38. Bd3 Ng4 39. Bf1 Qd2 40. Qe2 Qd5+ 41. Kg1 Qc5 42. Qb2+ Kg8 43. Bh3 Ne5 44. Bg2 Nd3 45. Qe2 Ne5 46. Qb2 Nd7 47. Qd2 Nf6 48. Qb2 Qf5 49. Qb8+ Kg7 50. Qb2 Kh7 51. Qb7 Ng4 52. Bf3 Ne5 53. Bg2 Kg7 54. Be4 Qf6 55. Bg2 Ng4 56. Bf3 Qa1+ 57. Kg2 Ne5 58. Be4 Qd4 59. Qb1 Ng4 60. Qe1 Nxf2 61. Qxf2 Qxe4+ 62. Kh2 Qe5 63. Qc2 Qf6 64. Qd2 Qf5 65. Qb2+ Kh7 66. Qd2 Kg8 67. Qd7 Kg7 68. Qd4+ e5 69. Qd7 Qxd7 70. Kg2 Qd2+ 71. Kh3 f5 72. g4 hxg4+ 73. Kg3 Kh6 74. h5 gxh5 75. Kh4 e4 76. Kg3 Qg5 77. Kf2 f4 78. Kg2 h4 79. Kf2 Qd5 80. Kg2 Qd3 81. Kf2 Qg3+ 82. Kf1 Qh2 83. Ke1 Qg2 84. Kd1 h3 85. Ke1 h2 86. Kd1 h1=B 87. Ke1 g3 88. Kd1 Qf2 0-1


[Site "https://www.chess.com"]

[Event "Titled Tuesday Blitz June 07 Early 2022"]
[White "Maghsoodloo, Parham"]
[Black "Demchenko, Anton"]
[WhiteFideId "12539929"]
[BlackFideId "4160258"]
[WhiteElo "2607"]
[BlackElo "2539"]
[Result "1-0"]
[Round "06"]
[TimeControl "180+1"]
[Date "2022.06.07"]
[WhiteClock "0:01:39"]
[BlackClock "0:00:01"]

1. d4 Nf6 2. c4 g6 3. Nc3 Bg7 4. e4 d6 5. Be2 O-O 6. Bg5 Na6 7. Nf3 e5 8. dxe5 dxe5 9. Qxd8 Rxd8 10. Nd5 Rd6 11. Bxf6 Bxf6 12. b4 Bd8 13. c5 Re6 14. a3 Re8 15. h4 Nb8 16. Bc4 h6 17. h5 Kg7 18. Rd1 Bg4 19. hxg6 fxg6 20. Ne3 Bxf3 21. gxf3 Nc6 22. Bb5 a5 23. Nc4 axb4 24. axb4 Bg5 25. Bxc6 bxc6 26. Na5 Reb8 27. Nxc6 Rb7 28. O-O Ra6 29. Nxe5 Bf4 30. Rd7+ Kf6 31. Nd3 Kg5 32. Rd5+ Kf6 33. Nxf4 Rxb4 34. Rd7 c6 35. e5+ Kf5 36. Nd3 1-0


[Site "https://www.chess.com"]

[Event "Titled Tuesday Blitz June 07 Early 2022"]
[White "Martin Carmona, Gaston Manuel"]
[Black "Tanenbaum, Zachary"]
[WhiteFideId "22284567"]
[BlackFideId "2060850"]
[WhiteElo "2162"]
[BlackElo "2175"]
[Result "1-0"]
[Round "06"]
[TimeControl "180+1"]
[Date "2022.06.07"]
[WhiteClock "0:00:55"]
[BlackClock "0:00:03"]

1. d4 d5 2. c4 Bf5 3. Nc3 e6 4. e3 c6 5. Nf3 Nd7 6. Bd3 Bg6 7. O-O Ngf6 8. b3 Bb4 9. Bb2 Bxc3 10. Bxc3 Bxd3 11. Qxd3 O-O 12. Nd2 Qc7 13. e4 dxe4 14. Nxe4 Nxe4 15. Qxe4 Nf6 16. Qf3 Rfe8 17. Rfe1 Rad8 18. d5 cxd5 19. Bxf6 gxf6 20. Qxf6 Qe7 21. Qh6 Qf8 22. Qh5 dxc4 23. bxc4 Qg7 24. Rab1 b6 25. Rb3 Kh8 26. Rg3 Qf6 27. Rf3 Qg6 28. Qe5+ Qg7 29. Qh5 Rg8 30. g3 Rd7 31. Re4 Qg6 32. Qe5+ Qg7 33. Qh5 Qg6 34. Qe5+ Qg7 35. Rf6 Rf8 36. h3 Rd1+ 37. Kg2 Rdd8 38. Rg4 Rg8 39. Rxg7 Rxg7 40. Rxf7 Rg8 41. Rxa7 1-0


[Site "https://www.chess.com"]

[Event "Titled Tuesday Blitz June 07 Early 2022"]
[White "Martinez Alcantara, Jose Eduardo"]
[Black "Santos Ruiz, Miguel"]
[WhiteFideId "3805662"]
[BlackFideId "22291482"]
[WhiteElo "2703"]
[BlackElo "2475"]
[Result "1-0"]
[Round "06"]
[TimeControl "180+1"]
[Date "2022.06.07"]
[WhiteClock "0:00:13"]
[BlackClock "0:00:06"]

1. c4 e5 2. g3 c6 3. Nf3 e4 4. Nd4 d5 5. cxd5 Qxd5 6. Nc2 Nf6 7. Ne3 Qe5 8. Bg2 Na6 9. O-O h5 10. d4 exd3 11. exd3 Be6 12. d4 Qd6 13. Re1 O-O-O 14. Nc2 h4 15. Bf4 Qd7 16. Nc3 hxg3 17. Bxg3 Bd6 18. b4 Nc7 19. b5 cxb5 20. a4 Bxg3 21. hxg3 Bh3 22. Bf3 b4 23. Nxb4 Qxd4 24. Bxb7+ Kxb7 25. Qf3+ Kc8 26. Nc6 Qc4 27. Nxa7+ Kd7 28. Rad1+ Nfd5 29. Nxd5 Nxd5 30. Qxf7+ Kd6 31. Qe7# 1-0


[Site "https://www.chess.com"]

[Event "Titled Tuesday Blitz June 07 Early 2022"]
[White "Morefield, Jason"]
[Black "Niemann, Hans Moke"]
[WhiteFideId "30920825"]
[BlackFideId "2093596"]
[WhiteElo "2171"]
[BlackElo "2632"]
[Result "1-0"]
[Round "06"]
[TimeControl "180+1"]
[Date "2022.06.07"]
[WhiteClock "0:00:06"]
[BlackClock "0:00:01"]

1. e4 b5 2. Bxb5 Bb7 3. Nc3 e6 4. Nf3 g6 5. O-O Bg7 6. Re1 Ne7 7. d4 O-O 8. Bf4 d6 9. Qd2 Nd7 10. Bh6 a6 11. Bxd7 Qxd7 12. Bxg7 Kxg7 13. Rad1 h6 14. e5 Bxf3 15. gxf3 d5 16. b3 Nf5 17. Kh1 Qe7 18. Rg1 c5 19. Ne2 Rac8 20. c3 Qh4 21. Ng3 Qh3 22. Qd3 cxd4 23. cxd4 Nxg3+ 24. fxg3 Rc6 25. Rc1 Rfc8 26. Rxc6 Rxc6 27. Qf1 Qf5 28. Rg2 Rc3 29. Rf2 a5 30. Kg2 h5 31. h4 Rd3 32. Qe1 Rxd4 33. Qxa5 Qb1 34. Rf1 Qf5 35. Qc3 Rd3 36. Qc2 d4 37. a4 Rc3 38. Qxf5 gxf5 39. Rd1 d3 40. b4 Ra3 41. a5 f4 42. gxf4 Kg6 43. Kf2 Rb3 44. Ke3 Rxb4 45. Rxd3 Ra4 46. Rd2 Kf5 47. Rg2 Ra3+ 48. Kd4 Kxf4 49. Rg7 Ra4+ 50. Kd3 Rxa5 51. Rxf7+ Kg3 52. Rf6 Rxe5 53. f4 Re1 54. f5 exf5 55. Rxf5 Kxh4 56. Kd2 Re8 57. Rf2 Kg3 58. Rf7 h4 59. Rg7+ Kh2 60. Rg4 h3 61. Rg7 Kh1 62. Rg3 Kh2 63. Rg7 Ra8 64. Ke2 Ra2+ 65. Kf1 Rg2 66. Rh7 Rg3 67. Kf2 Rg5 68. Rf7 Rh5 69. Rf8 Ra5 70. Rf7 Ra2+ 71. Kf1 Kg3 72. Rg7+ Kh2 73. Rf7 Rg2 74. Rf8 Kg3 75. Rg8+ Kh2 76. Rf8 Rg5 77. Rf7 Kg3 78. Kg1 h2+ 79. Kh1 Kh3 80. Rh7+ Kg3 81. Rxh2 Re5 82. Rg2+ Kh3 83. Rh2+ 1-0


[Site "https://www.chess.com"]

[Event "Titled Tuesday Blitz June 07 Early 2022"]
[White "Nakamura, Hikaru"]
[Black "Van Foreest, Jorden"]
[WhiteFideId "2016192"]
[BlackFideId "1039784"]
[WhiteElo "2850"]
[BlackElo "2609"]
[Result "1-0"]
[Round "06"]
[TimeControl "180+1"]
[Date "2022.06.07"]
[WhiteClock "0:02:04"]
[BlackClock "0:01:37"]

1. Nf3 d5 2. e3 Nc6 3. d4 Nf6 4. c4 e6 5. Nc3 Be7 6. c5 O-O 7. Bb5 Bd7 8. O-O b6 9. Qa4 Qe8 10. b4 a6 11. Bxc6 Bxc6 12. Qb3 Ne4 13. Bb2 Nxc3 14. Qxc3 Bb5 15. Rfc1 Bc4 16. Nd2 b5 17. a4 c6 18. axb5 axb5 19. Rxa8 Qxa8 20. Ra1 Qb7 21. Qa3 Rb8 22. Qa7 h5 23. f3 Kf8 24. Qxb7 1-0


[Site "https://www.chess.com"]

[Event "Titled Tuesday Blitz June 07 Early 2022"]
[White "Papasimakopoulos, Alexandros"]
[Black "Putri, Regita Desyari"]
[WhiteFideId "4244125"]
[BlackFideId "7109083"]
[WhiteElo "2340"]
[BlackElo "1930"]
[Result "1-0"]
[Round "06"]
[TimeControl "180+1"]
[Date "2022.06.07"]
[WhiteClock "0:00:08"]
[BlackClock "0:00:01"]

1. d4 Nf6 2. c4 e6 3. Nc3 Bb4 4. Qc2 d5 5. cxd5 exd5 6. Bg5 O-O 7. e3 b6 8. Bd3 h6 9. Bh4 Bb7 10. Nf3 Nbd7 11. O-O Be7 12. Rab1 c5 13. dxc5 Nxc5 14. Bf5 Nfe4 15. Bxe7 Qxe7 16. Rfd1 Rfd8 17. b4 Nxc3 18. Qxc3 Ne4 19. Bxe4 dxe4 20. Nd4 Rac8 21. Qa3 Bd5 22. Rdc1 Bc4 23. h3 Rc7 24. Qb2 Qe5 25. a4 Rdc8 26. b5 Bd3 27. Nc6 Qxb2 28. Rxb2 Kh7 29. Rc3 a6 30. Rcb3 axb5 31. axb5 Bxb5 32. Rxb5 Rxc6 33. Rxb6 Rxb6 34. Rxb6 Rc2 35. g4 Rc5 36. Kg2 Re5 37. Kg3 g5 38. h4 Kg7 39. h5 Re7 40. Rb4 Re6 41. Kg2 Re5 42. Rb7 Re6 43. Kf1 Re5 44. Ke2 Kg8 45. Kd2 f5 46. Rb6 Kg7 47. gxf5 Rxf5 48. Ke2 Re5 49. Kf1 Kh7 50. Rg6 Rf5 51. Kg1 Re5 52. Kg2 Re7 53. Kg3 Re5 54. Kg4 Re7 55. Kf5 Rf7+ 56. Rf6 Re7 57. Re6 Rf7+ 58. Rf6 Re7 59. Kg4 Kg7 60. Ra6 Rf7 61. Kg3 Re7 62. Ra4 Kh7 63. Kg4 Rf7 64. Ra2 Re7 65. Kf5 Kg7 66. Rb2 Kf7 67. Rb6 Kg7 68. Rb2 Kh7 69. Kf6 Ra7 70. Ke6 Ra6+ 71. Kf5 Ra5+ 72. Kxe4 g4 73. Kf4 Rxh5 74. Kxg4 Rg5+ 75. Kf4 Kg6 76. e4 Kh5 77. f3 Kh4 78. Rh2# 1-0


[Site "https://www.chess.com"]

[Event "Titled Tuesday Blitz June 07 Early 2022"]
[White "Paravyan, David"]
[Black "Beerdsen, Thomas"]
[WhiteFideId "4194985"]
[BlackFideId "1030108"]
[WhiteElo "2569"]
[BlackElo "2585"]
[Result "1-0"]
[Round "06"]
[TimeControl "180+1"]
[Date "2022.06.07"]
[WhiteClock "0:00:55"]
[BlackClock "0:01:14"]

1. e4 e5 2. Nf3 Nc6 3. Nc3 Nf6 4. d4 exd4 5. Nxd4 Bb4 6. Nxc6 bxc6 7. Bd3 d5 8. exd5 O-O 9. O-O Bg4 10. f3 Bh5 11. Bg5 Bxc3 12. bxc3 cxd5 13. c4 Qd6 14. Bxf6 Qxf6 15. cxd5 Rad8 16. c4 c6 17. Be4 Qc3 18. Rc1 Qe3+ 19. Kh1 f5 20. Bc2 cxd5 21. cxd5 Rf6 22. Bb3 Bf7 23. Qe1 Qf4 24. Qg3 Qb4 25. Qc7 Rfd6 26. Rc6 a5 27. Rxd6 Qxd6 28. Qxa5 h5 29. Rc1 h4 30. h3 Re8 31. Re1 Rc8 32. Qd2 Qg3 33. d6 Bxb3 34. axb3 Rc2 35. Re8+ Kf7 36. Re7+ 1-0


[Site "https://www.chess.com"]